 Dungeon Crawl Stone Soup version 0.31.0-11-ge490571c62 (webtiles) character file.

Game seed: 5188714381795282917

32 Arctor the Firebug (level 3, 0/19 HPs)
             Began as a Deep Elf Fire Elementalist on Feb 3, 2024.
             Slain by a ribbon worm (3 damage)
             ... on level 1 of the Dungeon.
             The game lasted 00:00:56 (1365 turns).

Arctor the Firebug (Deep Elf Fire Elementalist)     Turns: 1365, Time: 00:00:57

Health: 0/19       AC:  2    Str:  5    XL:     3   Next: 8%
Magic:  7/9        EV: 13    Int: 21    God:
Gold:   38         SH:  0    Dex: 15    Spells: 5/8 levels left

rFire   . . .        (no weapon)
rCold   . . .        (no shield)
rNeg    . . .        a - +0 robe
rPois   .            (no helmet)
rElec   .            (no cloak)
rCorr   .            (no gloves)
SInv    .            (no boots)
Will    .....        (no amulet)
Stlth   ++           (no ring)
HPRegen 0.23/turn    (no ring)
MPRegen 0.11/turn

%: no passive effects
@: no status effects
A: no striking features
a: no special abilities


You were on level 1 of the Dungeon.
You visited 1 branch of the dungeon, and saw 2 of its levels.

You collected 38 gold pieces.

Inventory:

Armour
 a - a +0 robe (worn)
Scrolls
 c - a scroll of fear {unknown}
 d - a scroll of vulnerability {unknown}
 g - 2 scrolls of teleportation {unknown}
 h - 2 scrolls of identify {unknown}
Potions
 b - a potion of magic
 e - 2 potions of ambrosia {unknown}
 f - a potion of degeneration {unknown}


   Skills:
 + Level 2.9 Dodging
 + Level 3.0 Stealth
 + Level 3.4 Spellcasting
 + Level 1.8 Conjurations
 + Level 3.6 Fire Magic


You had 5 spell levels left.
You knew the following spells:

 Your Spells              Type           Power      Damage    Failure   Level
a - Foxfire               Conj/Fire      60%        2x1d7     4%          1
b - Scorch                Fire           36%        2d6       4%          2

Your spell library contained the following spells:

 Spells                   Type           Power      Damage    Failure   Level
 Inner Flame              Hex/Fire       11%        N/A       19%         3
 Volatile Blastmotes      Fire/Tloc      22%        2d11      19%         3
 Flame Wave               Conj/Fire      15%        2d7       38%         4


Dungeon Overview and Level Annotations

Branches:
Dungeon (2/15)

Altars:


Message History

You have reached level 3!
Your experience leads to an increase in your attributes!
Increase (S)trength, (I)ntelligence, or (D)exterity?
You feel clever. x2
You start resting.
HP restored.
You start resting.
Magic restored.
You see here a rat corpse.
There is a stone staircase leading up here.
You climb upwards.
The endoplasm hits you.
There is a stone staircase leading down here.
Casting: Foxfire (safe; 4% risk of failure)
Confirm with . or Enter, or press ? or * to list all spells.
You conjure some foxfire!
The foxfire hits the endoplasm.
The endoplasm is almost dead.
The endoplasm freezes you.
You are frozen.
The foxfire hits the endoplasm.
You kill the endoplasm!
The endoplasm closely misses you. The endoplasm freezes you.
You are frozen.
The ribbon worm bites you.
Casting: Foxfire (safe; 4% risk of failure)
Confirm with . or Enter, or press ? or * to list all spells.
You conjure some foxfire!
The endoplasm freezes you.
You are frozen.
You hit the endoplasm.
The endoplasm is lightly wounded.
The foxfire hits the ribbon worm.
The ribbon worm is lightly wounded.
The foxfire hits the ribbon worm.
The ribbon worm is moderately wounded.
The ribbon worm misses you. The endoplasm freezes you.
You are frozen.
* * * LOW HITPOINT WARNING * * *
The ribbon worm bites you.
You die...

##.#...###.....###.##
.........#.###..##..#
..#.##.....##......#####
....###....##.###......####
......###.....# #.####....#
......#....#.####.####.##.#
......#...................#
.........###+#######'###..#
.......#.#..⌠.hw@§..⌠..#..#
.###...#.#....hJ<§.....#..#
## ##>...'⌠...B###....⌠'..#
#....#....w.w......#..#
#....#######J#######..#
#####)...#....hJwr.$.. #†.#
)..##....#....hhB......#..#
##..#....#......r......#.##
##......###############.#


You could see 2 ribbon worms, an endoplasm, 2 jackals and a giant cockroach.

Vanquished Creatures
  A ribbon worm (D:1)
  A dart slug (D:2)
  5 ball pythons (D:1)
  2 bats (D:1)
  3 endoplasms (D:1)
  3 hobgoblins (D:1)
  4 kobolds (D:1)
  A quokka (D:1)
  2 frilled lizards (D:1)
  A goblin (D:1)
  4 rats
27 creatures vanquished.

Vanquished Creatures (others)
  150 foxfires
150 creatures vanquished.

Grand Total: 177 creatures vanquished

Notes
Turn   | Place    | Note
-------+----------+-------------------------------------------
     0 | D:1      | Arctor the Deep Elf Fire Elementalist began the quest for
                  | the Orb.
     0 | D:1      | Reached XP level 1. HP: 10/10 MP: 6/6
    11 | D:1      | Found a runed translucent door.
   450 | D:1      | Reached XP level 2. HP: 15/15 MP: 2/8
   539 | D:1      | Learned a level 2 spell: Scorch
  1284 | D:2      | Reached XP level 3. HP: 10/19 MP: 1/9
  1365 | D:1      | Slain by a ribbon worm

Illustrated notes

Levels and vault maps discovered:
D:1:      dpeg_arrival_caged_fury, layout_rooms
D:2:      minmay_diamond_boxcup, layout_loops_cross, serial_shops, shop,
          nicolae_shop_stone, nicolae_shop_tiny_waterfront,
          nicolae_shop_temple_entry_statues_fountains,
          nicolae_shop_tiny_statue_garden, minmay_small_reverse_x

Skill      XL: |  1  2 |
---------------+-------+-----
Stealth        | 3 |  3.0
Dodging        | |  2.9
Spellcasting   | |  3.4
Conjurations   | |  1.8
Fire Magic     | |  3.6

Action                     || total
---------------------------++-------
  Melee: Unarmed           ||    13
   Cast: Foxfire           ||    87
         Scorch            ||     3
 Armour: Robe              ||     8
  Dodge: Dodged            ||    18
